 Dungeon Crawl Stone Soup version 0.28.0-53-g5a82cb258f (webtiles) character file.

Game seed: 14623078184291055559

1745 Zeld the Changer (level 8, -7/79 HPs)
             Began as a Black Draconian Transmuter on June 8, 2022.
             Mangled by a yak (14 damage)
             ... on level 8 of the Dungeon.
             The game lasted 00:05:39 (8917 turns).

Zeld the Changer (Black Draconian Transmuter)       Turns: 8917, Time: 00:05:40

Health: -7/79      AC:  6    Str: 15    XL:     8   Next: 77%
Magic:  12/16      EV: 11    Int: 13    God:
Gold:   381        SH:  0    Dex: 12    Spells: 8/18 levels left

rFire   x . .      SeeInvis .     - Unarmed
rCold   + + +      Faith    .   (shield currently unavailable)
rNeg    . . .      Spirit   .   (armour unavailable)
rPois   +          Reflect  .   (helmet currently unavailable)
rElec   .          Harm     .   (cloak currently unavailable)
rCorr   +          Rampage  .   (gloves currently unavailable)
Will    .....                   (boots currently unavailable)
Stlth   +.........              (no amulet)
HPRegen 0.23/turn               j - ring of resist corrosion
MPRegen 0.15/turn               o - ring of wizardry

@: ice-form, wereblooded
A: freezing attack, amphibious, boosted hp, (breathe lightning), AC +6, large,
unfitting armour, (electricity resistance), (cold-blooded)
a: End Transformation


You were on level 8 of the Dungeon.
You were a creature of crystalline ice.
You visited 1 branch of the dungeon, and saw 9 of its levels.

You collected 430 gold pieces.
You spent 49 gold pieces at shops.

Inventory:

Armour
 f - a +0 pair of boots (melded)
 t - a +0 cloak
Jewellery
 j - a ring of resist corrosion (left front paw)
 o - a ring of wizardry (right front paw)
Wands
 q - a wand of iceblast (10)
Scrolls
 b - 7 scrolls of teleportation
 d - a scroll of fear
 e - a scroll of amnesia {unknown}
 g - 2 scrolls of blinking
 m - 2 scrolls of fog {unknown}
 n - 2 scrolls of enchant weapon {unknown}
 p - a scroll of holy word {unknown}
 r - 3 scrolls of identify
Potions
 a - 2 potions of might {unknown}
 c - a potion of brilliance {unknown}
 h - 2 potions of degeneration {unknown}
 i - 5 potions of curing {unknown}
 k - a potion of heal wounds {unknown}
 l - a potion of flight {unknown}
 s - 2 potions of attraction {unknown}


   Skills:
 + Level 4.2 Fighting
 * Level 4.2 Dodging
 + Level 4.2 Unarmed Combat
 * Level 5.6 Spellcasting
 * Level 5.9 Transmutations
 - Level 2.0 Ice Magic
 - Level 2.0 Poison Magic
 + Level 2.6 Evocations


You had 8 spell levels left.
You knew the following spells:

 Your Spells              Type           Power      Damage    Failure   Level
a - Beastly Appendage     Tmut           38%        N/A       1%          1
b - Wereblood             Tmut           19%        N/A       1%          2
c - Spider Form           Tmut/Pois      14%        N/A       4%          3
d - Ice Form              Ice/Tmut       14%        N/A       14%         4

Your spell library contained the following spells:

 Spells                   Type           Power      Damage    Failure   Level
 Passwall                 Tmut/Erth      9%         N/A       3%          2
 Sandblast                Erth           6%         2d5       8%          1
 Stone Arrow              Conj/Erth      6%         3d7       21%         3
 Leda's Liquefaction      Hex/Erth       1%         N/A       54%         4
 Lee's Rapid Deconstruct  Erth           1%         3d5*      86%         5
 Statue Form              Tmut/Erth      7%         N/A       95%         6


Dungeon Overview and Level Annotations

Branches:
Dungeon (9/15)
 Temple: D:4-7         Lair: D:8-11         Orc: D:9-12

Altars:
Makhleb

Shops:
D:3 [   D:6 *

Annotations:
D:8 Erica


Innate Abilities, Weirdness & Mutations

You are a creature of crystalline ice.
You have a powerful freezing melee attack.
You are amphibious.
Your maximum health is increased.
Your armour is entirely melded.
You are incapable of wielding weapons or throwing items.
((You can breathe wild blasts of lightning.))
((Your glossy black scales are hard. (AC +6)))
You cannot fit into any form of body armour.
((You are resistant to electric shocks. (rElec)))
((You are cold-blooded and may be slowed by cold attacks.))


Message History

The wyvern skeleton completely misses you.
Unknown command.
You barely miss the yak. The yak closely misses you.
The wyvern skeleton bites you. The yak barely misses you.
The wyvern skeleton barely misses you. The yak gores you.
The yak gores you but does no damage.
You climb downwards.
Level annotation: Erica
There is a stone staircase leading up here.
You hit the yak. You freeze the yak.
The yak is moderately wounded.
You howl as the wereblood boils in your veins!
The yak barely misses you. The yak gores you!
You punch the yak! You freeze the yak.
The yak is severely wounded.
The yak gores you! The yak gores you.
You are too injured to fight recklessly!
Unknown command.
You are too injured to fight recklessly!
You are too injured to fight recklessly!
You punch the yak! You freeze the yak.
The yak is moderately wounded.
The yak gores you!
* * * LOW HITPOINT WARNING * * *
You punch the yak! You freeze the yak.
The yak is severely wounded.
The yak gores you but does no damage. x2
You completely miss the yak.
The yak is severely wounded.
You howl as the wereblood boils in your veins!
The yak gores you!
* * * LOW HITPOINT WARNING * * *
The yak closely misses you.
Unknown command.
You hit the yak. You freeze the yak.
The yak is almost dead.
The yak gores you.
* * * LOW HITPOINT WARNING * * *
The yak gores you!
You die...

...###......# ......
#.......##..# ......
####....##### ......
####.....###########......
#.......).....##......#
#..######........## #..#
##.....###..# #..#
##Y......###.# #..#
#YY......# #.## #.##
########## #..# #.# ##.##
#.# #..# #.# #..# #.#
#########.## #>#
##..........# #.#
#..........#.. ######.#
#..........###


You could see 2 yaks.

Vanquished Creatures
  Maggie (D:6)
  A yak (D:7)
  An orc warrior (D:6)
  An ice beast (D:6)
  An ogre (D:6)
  2 centaurs
  A bullfrog (D:8)
  2 scorpions (D:4)
  A wyvern skeleton (D:5)
  5 hounds
  2 jellies (D:5)
  2 orc priests (D:8)
  2 iguanas
  4 orc wizards
  Robin (D:2)
  10 adders
  4 gnolls (D:2)
  A howler monkey skeleton (D:6)
  A shadow imp (D:5)
  An ufetubus (D:4)
  An adder skeleton (D:4)
  3 dart slugs
  10 orcs
  4 bats
  5 endoplasms
  6 giant cockroaches
  13 goblins
  12 hobgoblins
  6 jackals
  4 kobolds
  2 quokkas
  5 ball pythons
  2 frilled lizards (D:3)
  3 rats
120 creatures vanquished.

Notes
Turn   | Place    | Note
-------+----------+-------------------------------------------
     0 | D:1      | Zeld the Draconian Transmuter began the quest for the Orb.
     0 | D:1      | Reached XP level 1. HP: 16/16 MP: 3/3
   258 | D:1      | Reached XP level 2. HP: 23/23 MP: 3/5
  1047 | D:2      | Found a faded altar of an unknown god.
  1157 | D:2      | Reached XP level 3. HP: 28/28 MP: 4/6
  1191 | D:2      | Learned a level 2 spell: Wereblood
  1195 | D:2      | Learned a level 3 spell: Spider Form
  1273 | D:2      | Reached skill level 1 in Poison Magic
  1292 | D:2      | Reached XP level 4. HP: 28/36 MP: 4/8
  1295 | D:2      | Reached skill level 1 in Ice Magic
  1475 | D:2      | Noticed Robin
  1482 | D:2      | Killed Robin
  2041 | D:3      | Found Val Cuuz's Armour Shoppe.
  2072 | D:3      | Bought a +0 pair of boots for 49 gold pieces
  2473 | D:3      | Reached XP level 5. HP: 40/41 MP: 9/9
  2478 | D:3      | Learned a level 4 spell: Ice Form
  3753 | D:4      | Reached XP level 6. HP: 46/50 MP: 8/11
  4421 | D:5      | Entered Level 5 of the Dungeon
  4651 | D:4      | Your scales start taking on a glossy black colour.
  4651 | D:4      | Reached XP level 7. HP: 22/56 MP: 10/13
  4651 | D:4      | Gained mutation: You are resistant to electric shocks.
                  | (rElec) [Black Draconian growth]
  5457 | D:5      | Reached skill level 1 in Evocations
  6587 | D:6      | Found a burning altar of Makhleb.
  6614 | D:6      | Noticed Maggie
  6674 | D:6      | Killed Maggie
  6675 | D:6      | Reached skill level 5 in Transmutations
  6675 | D:6      | Reached XP level 8. HP: 12/63 MP: 12/15
  7333 | D:6      | Reached skill level 5 in Spellcasting
  7865 | D:6      | Found Kiytoiz's Overcharged Wands.
  7953 | D:6      | You fall into a shaft and drop 3 floors!
  8371 | D:8      | Noticed Erica
  8903 | D:7      | Noticed a two-headed ogre
  8917 | D:8      | Mangled by a yak

Illustrated notes

Levels and vault maps discovered:
D:1:      dpeg_arrival_solitude, layout_loops_cross, hex_large
D:2:      layout_loops_ring, ebering_ecumenical_altar_mist, uniq_robin
D:3:      layout_loops_ring, serial_shops, nicolae_diamond_shop,
          minmay_misc_feat_ornament, minmay_fountain_box,
          wad_floor_pattern_untrapped
D:4:      kennysheep_six_static_rooms, layout_basic
D:5:      layout_basic, amcnicky_mini_pool_medium
D:6:      layout_loops_corners, lightli_temple_of_fire,
          corexii_leaking_fountain, nicolae_shop_overcharged_wands, uniq_maggie
D:7:      layout_basic, amcnicky_altar_gilded, elyvilon_altar_5, temple_green,
          uniq_duvessa
D:8:      layout_cave_pods, uniq_erica, uniq_maurice, uniq_harold
D:9:      lemuel_ogre_cave, layout_long_grid, biasface_ghost_orc_armoury,
          uniq_erolcha, uniq_joseph

Skill      XL: |  1  2  3  4  5  6  7  8 |
---------------+-------------------------+-----
Poison Magic   | 1 2 |  2.0
Transmutations | 3 4 5 |  5.9
Ice Magic      | 1 2 |  2.0
Spellcasting   | 3 4 5 |  5.6
Fighting       | 2 3 4 |  4.2
Dodging        | 2 3 4 |  4.2
Evocations     | 1 2 |  2.6
Unarmed Combat | 4 |  4.2

Action                   |  1- 3 |  4- 6 |  7- 9 || total
-------------------------+-------+-------+-------++-------
Melee: Unarmed           |    92 |   176 |   166 ||   434
       Kick              |    22 |    19 |       ||    41
       Headbutt          |     8 |    16 |       ||    24
       Punch             |     1 |     2 |     1 ||     4
       Tailslap          |     3 |     7 |     1 ||    11
 Cast: Beastly Appendage |    24 |    25 |       ||    49
       Spider Form       |     1 |    12 |    16 ||    29
       Ice Form          |       |       |     5 ||     5
       Wereblood         |       |       |     1 ||     1
 Abil: Breathe Lightning |       |       |     1 ||     1
  Use: Scroll            |       |     5 |       ||     5
 Stab: Sleeping          |       |     1 |       ||     1
Armor: Skin              |    15 |    38 |    49 ||   102
Dodge: Dodged            |    58 |   139 |   190 ||   387
